[Event "Titled Tuesday Blitz February 14 Early 2023"]
[White "Bok, Benjamin"]
[Black "Bacrot, Etienne"]
[WhiteFideId "1017063"]
[BlackFideId "605506"]
[WhiteElo "2607"]
[BlackElo "2667"]
[Result "1-0"]
[Round "05"]
[TimeControl "180+2"]
[Date "2023.02.15"]
[WhiteClock "0:00:08"]
[BlackClock "0:00:07"]

1. d4 d5 2. c4 e6 3. Nc3 Nf6 4. cxd5 exd5 5. Bg5 c6 6. e3 Bf5 7. Qf3 Bg6 8. Bxf6 Qxf6 9. Qxf6 gxf6 10. h4 h5 11. Kd2 Nd7 12. Nh3 Bd6 13. g3 f5 14. Bd3 Nf6 15. Rhc1 Kd7 16. Rab1 a5 17. Ke2 a4 18. Kf3 Ne4 19. Rc2 Nf6 20. Nf4 Rhe8 21. b4 axb3 22. axb3 Bb4 23. Na2 Bf8 24. b4 b5 25. Rbc1 Ra6 26. Nc3 Rb8 27. Rb1 Ra3 28. Bf1 Rb6 29. Nce2 Ne4 30. Nxg6 fxg6 31. Nf4 Nc3 32. Rbc1 Bxb4 33. Nxg6 Ba5 34. Bh3 b4 35. Bxf5+ Kd6 36. Ne5 Rb8 37. Kg2 Rf8 38. Bh3 b3 39. Rxc3 Bxc3 40. Rxc3 Ra2 41. Rxc6+ Ke7 42. Ng6+ Kf7 43. Nxf8 1-0


[Site "https://www.chess.com"]

[Event "Titled Tuesday Blitz February 14 Early 2023"]
[White "Indjic, Aleksandar"]
[Black "Sanal, Vahap"]
[WhiteFideId "911925"]
[BlackFideId "6300545"]
[WhiteElo "2618"]
[BlackElo "2600"]
[Result "1/2-1/2"]
[Round "05"]
[TimeControl "180+2"]
[Date "2023.02.15"]
[WhiteClock "0:00:21"]
[BlackClock "0:00:04"]

1. d4 d5 2. c4 c6 3. Nf3 Nf6 4. Nc3 e6 5. Qb3 Nbd7 6. Bf4 Be7 7. e3 O-O 8. h3 a6 9. cxd5 exd5 10. Bd3 Re8 11. Qc2 Nf8 12. Ne5 Ng6 13. Bh2 Bd6 14. f4 c5 15. O-O c4 16. Be2 b5 17. a3 Bb7 18. g4 Rc8 19. Bf3 Bb8 20. Bg3 Ne4 21. Bxe4 dxe4 22. Rad1 f6 23. Nxg6 hxg6 24. Kg2 Bd5 25. f5 Bxg3 26. Kxg3 g5 27. Kg2 Kf7 28. Rh1 Rh8 29. Qf2 Qd7 30. h4 gxh4 31. Rxh4 a5 32. Rdh1 Rxh4 33. Qxh4 b4 34. axb4 axb4 35. Nxd5 Qxd5 36. Qh7 c3 37. Qg6+ Kg8 38. bxc3 Qa2+ 39. Kg3 Qe2 40. Rh7 Qxe3+ 41. Kg2 Qf3+ 42. Kg1 Qg3+ 43. Kh1 Qf3+ 44. Kg1 Rc7 45. Qh5 Qe3+ 46. Kh1 Qe1+ 47. Kh2 Qd2+ 48. Kh1 Qe1+ 49. Kh2 Qf2+ 50. Kh1 Qf1+ 51. Kh2 Qf4+ 52. Kh1 Qf3+ 53. Kg1 Qg3+ 54. Kh1 Qf3+ 55. Kg1 1/2-1/2


[Site "https://www.chess.com"]

[Event "Titled Tuesday Blitz February 14 Early 2023"]
[White "Vokhidov, Shamsiddin"]
[Black "Madaminov, Mukhiddin"]
[WhiteFideId "14204223"]
[BlackFideId "14210703"]
[WhiteElo "2586"]
[BlackElo "2422"]
[Result "1/2-1/2"]
[Round "05"]
[TimeControl "180+2"]
[Date "2023.02.15"]
[WhiteClock "0:00:32"]
[BlackClock "0:00:18"]

1. e4 e5 2. Nf3 Nc6 3. Bb5 a6 4. Ba4 Nf6 5. O-O Nxe4 6. d4 b5 7. Bb3 d5 8. dxe5 Be6 9. c3 Be7 10. Nbd2 O-O 11. Bc2 f5 12. Nb3 Qd7 13. Nfd4 Nxd4 14. Nxd4 c5 15. Nxe6 Qxe6 16. f3 Ng5 17. a4 Rad8 18. axb5 axb5 19. Kh1 f4 20. b4 Qxe5 21. Re1 Qf6 22. Ra7 Rfe8 23. bxc5 Bxc5 24. Rxe8+ Rxe8 25. Qxd5+ Qf7 26. Be4 Bxa7 27. Qxg5 Qc4 28. h4 Qf1+ 29. Kh2 Qxc1 30. Bxh7+ Kh8 31. Qh5 Qg1+ 32. Kh3 Qh1+ 33. Kg4 Qxg2+ 34. Kf5 Qh3+ 35. Kg5 Qg2+ 36. Kf5 Qc2+ 37. Kg4 Qg2+ 38. Kf5 1/2-1/2


[Site "https://www.chess.com"]

[Event "Titled Tuesday Blitz February 14 Early 2023"]
[White "Dardha, Daniel"]
[Black "Samunenkov, Ihor"]
[WhiteFideId "240990"]
[BlackFideId "14187086"]
[WhiteElo "2631"]
[BlackElo "2501"]
[Result "0-1"]
[Round "05"]
[TimeControl "180+2"]
[Date "2023.02.15"]
[WhiteClock "0:00:01"]
[BlackClock "0:00:05"]

1. d4 d5 2. c4 e6 3. Nc3 a6 4. cxd5 exd5 5. Nf3 Nf6 6. Bg5 Be6 7. Bxf6 Qxf6 8. Qb3 Ra7 9. g3 Bd6 10. h4 h6 11. Bh3 Qd8 12. Bxe6 fxe6 13. h5 O-O 14. O-O-O Nd7 15. Qc2 Ra8 16. Kb1 c5 17. dxc5 Nxc5 18. Rh4 Rc8 19. Rg4 Qe7 20. Qd2 Kh7 21. Rg6 b5 22. Qe3 b4 23. Nxd5 exd5 24. Rxd5 Qxe3 25. fxe3 Be7 26. Rb6 a5 27. Rb5 a4 28. Rxb4 Nb3 29. axb3 Bxb4 30. bxa4 Rfd8 31. Rf5 Rb8 32. Kc2 Rdc8+ 33. Kd3 Be7 34. Nd4 Rxb2 35. Rf7 Bf6 36. Nf5 Rb4 37. e4 Re8 38. Ke3 Rbxe4+ 39. Kf3 Rxa4 40. Nd6 Rd8 41. Ne4 Ra3+ 42. Kf4 Kg8 43. Rb7 Rf8 44. Kg4 Ra4 45. Kf5 Bg5+ 46. Kg6 Ra6+ 0-1


[Site "https://www.chess.com"]

[Event "Titled Tuesday Blitz February 14 Early 2023"]
[White "Mindlin, Alon"]
[Black "Livaic, Leon"]
[WhiteFideId "2800071"]
[BlackFideId "14531534"]
[WhiteElo "2435"]
[BlackElo "2579"]
[Result "1-0"]
[Round "05"]
[TimeControl "180+2"]
[Date "2023.02.15"]
[WhiteClock "0:00:04"]
[BlackClock "0:00:03"]

1. d4 Nf6 2. c4 e6 3. Nc3 d5 4. Bg5 Bb4 5. e3 h6 6. Bh4 O-O 7. Bd3 dxc4 8. Bxc4 c5 9. Ne2 cxd4 10. exd4 Be7 11. O-O Nc6 12. Rc1 Nd5 13. Bg3 Nb6 14. Bd3 Bf6 15. Ne4 Nd5 16. Bb1 Be7 17. a3 f5 18. N4c3 Nxc3 19. Rxc3 Bf6 20. Rd3 Ne7 21. Ba2 Kh8 22. Nc3 Bd7 23. Re1 Ng6 24. d5 e5 25. f3 Qb6+ 26. Bf2 Qxb2 27. Re2 Qxa3 28. Ne4 Qxd3 29. Qxd3 Nf4 30. Qd2 Nxe2+ 31. Qxe2 fxe4 32. Qxe4 Bg5 33. h4 Bf5 34. Qb4 Bf6 35. d6 b6 36. g4 Bh7 37. d7 Rad8 38. Be6 Bg8 39. Bf5 Bf7 40. Qd2 Bg8 41. g5 Bxg5 42. hxg5 Rxf5 43. gxh6 Rf6 44. Bh4 Rg6+ 45. Kf2 Rxd7 46. Qxd7 Rxh6 47. Bg3 Re6 48. Qxa7 e4 49. Qa1 exf3 50. Qh1+ Rh6 51. Qe1 Bd5 52. Be5 Kh7 53. Qg1 Rg6 54. Qh2+ Kg8 55. Qh5 Rg2+ 56. Ke3 Re2+ 57. Kd4 Bf7 58. Qxf3 Rd2+ 59. Kc3 Ra2 60. Qg4 Ra3+ 61. Kb4 Rb3+ 62. Ka4 b5+ 63. Ka5 g6 64. Qc8+ Be8 65. Qxe8+ Kh7 66. Qh8# 1-0


[Site "https://www.chess.com"]

[Event "Titled Tuesday Blitz February 14 Early 2023"]
[White "Paravyan, David"]
[Black "Tanenbaum, Zachary"]
[WhiteFideId "4194985"]
[BlackFideId "2060850"]
[WhiteElo "2601"]
[BlackElo "2261"]
[Result "1-0"]
[Round "05"]
[TimeControl "180+2"]
[Date "2023.02.15"]
[WhiteClock "0:00:27"]
[BlackClock "0:00:01"]

1. e4 e5 2. Nf3 Nc6 3. Bb5 a6 4. Ba4 d6 5. O-O Nf6 6. Re1 Be7 7. c3 O-O 8. d4 b5 9. Bc2 exd4 10. cxd4 Nb4 11. Bb3 c5 12. a3 Nc6 13. d5 Ne5 14. Nxe5 dxe5 15. Nc3 Bd6 16. Bg5 h6 17. Bh4 Bd7 18. h3 Rc8 19. Rc1 c4 20. Bc2 Qe7 21. Qf3 a5 22. Nd1 b4 23. axb4 axb4 24. Ne3 b3 25. Bb1 Bb4 26. Rf1 c3 27. bxc3 Ba3 28. Rcd1 Rxc3 29. Nf5 Bxf5 30. Qxc3 Bd7 31. Qxb3 Bc5 32. d6 Qe6 33. Qxe6 Bxe6 34. Bxf6 gxf6 35. d7 Rd8 36. Bc2 Bd4 37. Ba4 Bxd7 38. Bxd7 Rxd7 39. Kh1 Ra7 40. Rd3 Ra2 41. Rf3 Kg7 42. g3 Re2 43. Kg2 Rxe4 44. Rc1 Re2 45. Kf1 Rb2 46. Rc6 e4 47. Rf4 Rb1+ 48. Kg2 Re1 49. Rc4 Be5 50. Rfxe4 Rd1 51. Re2 Rd7 52. f4 Ba1 53. Ra2 Rd1 54. Rc7 f5 55. Raa7 Rd2+ 56. Kf1 Bd4 57. Rxf7+ Kg6 58. Rad7 Rd3 59. Rfe7 Kf6 60. Re2 Rd1+ 61. Kg2 Rd3 62. g4 fxg4 63. hxg4 Rd1 64. Rd6+ Kg7 65. Re7+ Kf8 66. Rb7 Rg1+ 67. Kf3 Ke8 68. Rxd4 Rf1+ 69. Ke4 Re1+ 70. Kf5 Re2 71. Re4+ Rxe4 72. Kxe4 1-0


[Site "https://www.chess.com"]

[Event "Titled Tuesday Blitz February 14 Early 2023"]
[White "Le, Tuan Minh"]
[Black "Bharath Subramaniyam H"]
[WhiteFideId "12401153"]
[BlackFideId "46634827"]
[WhiteElo "2542"]
[BlackElo "2517"]
[Result "0-1"]
[Round "05"]
[TimeControl "180+2"]
[Date "2023.02.15"]
[WhiteClock "0:00:06"]
[BlackClock "0:00:18"]

1. d4 Nf6 2. Nf3 d5 3. Bf4 Bf5 4. c4 e6 5. e3 Bb4+ 6. Nc3 O-O 7. Rc1 Ne4 8. Qb3 Nc6 9. h3 a5 10. a4 Ne7 11. Be2 c5 12. O-O cxd4 13. exd4 dxc4 14. Bxc4 Rc8 15. Rfd1 Bxc3 16. bxc3 Nd5 17. Bxd5 exd5 18. c4 dxc4 19. Rxc4 Qd5 20. Rb4 Nc3 21. Qxd5 Nxd5 22. Rb5 Bc2 23. Rxd5 Bxd1 24. Rxa5 Ra8 25. Rb5 Rxa4 26. Ne5 Rxd4 27. Be3 Re4 28. Nd7 Rfe8 29. Rxb7 R4e7 30. Bc5 Re1+ 31. Kh2 Ba4 32. Nb6 Bc6 33. Rc7 R1e6 34. Be3 Rg6 35. g4 h5 36. g5 h4 37. Nc4 Bd5 38. Rc5 Ba8 39. Ra5 Rc6 40. Nb6 Bb7 41. Ra7 Rxe3 42. Rxb7 Re2 43. Kg2 Rcc2 44. Kf3 Rxf2+ 45. Kg4 Rb2 46. Rb8+ Kh7 47. Nd7 Rxb8 48. Nxb8 Rb2 49. Nc6 Rb6 50. Ne5 Rb4+ 51. Kf5 g6+ 52. Kf6 Rf4+ 53. Ke7 Kg7 54. Kd6 Rf5 55. Kd5 Rxg5 56. Ke4 Rg3 57. Kf4 Rxh3 58. Kg4 Rh1 59. Nf3 h3 60. Kg3 f5 61. Nd4 Kf6 0-1


[Site "https://www.chess.com"]

[Event "Titled Tuesday Blitz February 14 Early 2023"]
[White "Fedoseev, Vladimir"]
[Black "Hammer, Jon Ludvig"]
[WhiteFideId "24130737"]
[BlackFideId "1503707"]
[WhiteElo "2680"]
[BlackElo "2636"]
[Result "0-1"]
[Round "05"]
[TimeControl "180+2"]
[Date "2023.02.15"]
[WhiteClock "0:00:09"]
[BlackClock "0:00:05"]

1. e4 e5 2. Nf3 Nc6 3. Bb5 Nf6 4. d3 Bc5 5. Bxc6 dxc6 6. Nbd2 Nd7 7. Nc4 Qe7 8. O-O O-O 9. Kh1 Re8 10. Be3 Bxe3 11. Nxe3 Nf8 12. Ng1 Ng6 13. g3 Bd7 14. Qh5 Rad8 15. Ne2 Rf8 16. f4 exf4 17. gxf4 f5 18. Nxf5 Bxf5 19. exf5 Nh4 20. Ng3 Rd5 21. Rae1 Qd8 22. Re5 Rxe5 23. fxe5 g6 24. Qg4 Qd5+ 25. Ne4 Nxf5 26. Qf4 Ng3+ 27. hxg3 Rxf4 28. gxf4 Qxa2 29. f5 Qd5 30. f6 Qxe5 31. Kg2 Kf7 32. b4 b6 33. Rh1 h5 34. Rf1 a5 35. bxa5 bxa5 36. Kh3 g5 37. Kg2 a4 38. c3 a3 39. Rf2 Qd5 40. c4 Qe5 41. Kf1 h4 42. Ra2 Qb2 43. Rxb2 axb2 44. Nc3 Kxf6 45. Ke2 h3 46. Kf3 g4+ 47. Kg3 Ke5 48. Nb1 Kd4 49. Na3 Kxd3 50. Kxg4 h2 51. Kh3 h1=Q+ 52. Kg3 Qe4 53. Nb1 Kc2 54. Na3+ Kb3 55. Nb1 Qxb1 0-1


[Site "https://www.chess.com"]

[Event "Titled Tuesday Blitz February 14 Early 2023"]
[White "Zhigalko, Sergei"]
[Black "Pranav, V"]
[WhiteFideId "13502956"]
[BlackFideId "25060783"]
[WhiteElo "2572"]
[BlackElo "2597"]
[Result "1-0"]
[Round "05"]
[TimeControl "180+2"]
[Date "2023.02.15"]
[WhiteClock "0:00:04"]
[BlackClock "0:00:03"]

1. e4 e5 2. Nf3 Nc6 3. Bc4 Nf6 4. d3 h6 5. Nc3 d6 6. a3 g6 7. O-O Bg7 8. Re1 O-O 9. h3 Be6 10. Bxe6 fxe6 11. Be3 Kh7 12. d4 exd4 13. Nxd4 Nxd4 14. Bxd4 Nh5 15. Bxg7 Kxg7 16. Re3 Qh4 17. Qd2 Rf7 18. f3 Qg5 19. Rd1 a6 20. Ne2 Raf8 21. Rc3 Qh4 22. Kh2 e5 23. Qe1 Qg5 24. Qd2 Qh4 25. Qe1 Qe7 26. b4 Kh7 27. Rcd3 Ng7 28. c4 Ne6 29. Nc3 Qg5 30. Ne2 h5 31. Qd2 Qf6 32. Qe3 g5 33. Ng3 Qf4 34. Qxf4 gxf4 35. Nf5 b6 36. a4 Rg8 37. R1d2 Ra8 38. Ra3 a5 39. b5 Nc5 40. Rd1 Rg8 41. Rd2 Rg5 42. Nh4 Kg7 43. Rd1 Kf6 44. Rd2 Ne6 45. Rd1 Nd4 46. Rad3 Nc2 47. R1d2 Nd4 48. Rxd4 exd4 49. Rxd4 Rc5 50. Nf5 Ke5 51. Rd1 Rxc4 52. Rd5+ Ke6 53. Nh6 Rh7 54. Nf5 Rxa4 55. Nd4+ Kd7 56. Nc6 Ra2 57. Ne5+ Ke8 58. Nd3 a4 59. Nxf4 a3 60. Rd4 Rb2 61. Ra4 a2 62. h4 Rg7 63. Kh3 Kd7 64. Kh2 Rg8 65. Ra3 Ke7 66. Nd5+ Ke6 67. Nf4+ Ke5 68. Nd3+ Kd4 69. Nxb2 Kc5 70. Rxa2 Kxb5 71. Nd3 c5 72. Nf4 Kc4 73. Rc2+ Kb3 74. Rd2 c4 75. Rxd6 b5 76. Rb6 Ka4 77. Nd5 Ka5 78. Rb7 Ka6 79. Rc7 Rd8 80. f4 Rd6 81. f5 1-0


[Site "https://www.chess.com"]

[Event "Titled Tuesday Blitz February 14 Early 2023"]
[White "Tsydypov, Zhamsaran"]
[Black "Paichadze, Luka"]
[WhiteFideId "4108566"]
[BlackFideId "13602934"]
[WhiteElo "2518"]
[BlackElo "2515"]
[Result "1-0"]
[Round "05"]
[TimeControl "180+2"]
[Date "2023.02.15"]
[WhiteClock "0:02:05"]
[BlackClock "0:00:31"]

1. e4 c6 2. d4 d5 3. e5 c5 4. dxc5 e6 5. a3 Bxc5 6. b4 Be7 7. Bb2 a5 8. Qg4 g6 9. b5 h5 10. Qf4 Nh6 11. Nf3 Nd7 12. c4 Nb6 13. Nc3 g5 14. Qd2 Nxc4 15. Bxc4 dxc4 16. Ne4 Qxd2+ 17. Nfxd2 Bd7 18. Nxc4 Nf5 19. Nb6 Rd8 20. a4 O-O 21. O-O-O Be8 22. g3 Kg7 23. Nd6 f6 24. Nxf5+ exf5 25. exf6+ Rxf6 26. Nd5 Rc8+ 27. Kb1 Kf7 28. Nxe7 Kxe7 29. Bxf6+ Kf7 30. Bxg5 1-0


[Site "https://www.chess.com"]

[Event "Titled Tuesday Blitz February 14 Early 2023"]
[White "Lenderman, Aleksandr"]
[Black "Grigoriants, Sergey"]
[WhiteFideId "2021285"]
[BlackFideId "4130804"]
[WhiteElo "2572"]
[BlackElo "2562"]
[Result "1-0"]
[Round "05"]
[TimeControl "180+2"]
[Date "2023.02.15"]
[WhiteClock "0:01:27"]
[BlackClock "0:00:23"]

1. Nf3 d5 2. e3 Nf6 3. c4 e6 4. b3 Bd6 5. Bb2 b6 6. g3 Bb7 7. Bg2 O-O 8. O-O Nbd7 9. Nc3 a6 10. cxd5 exd5 11. Rc1 Re8 12. Ne2 Nc5 13. Qc2 a5 14. Rfd1 Ne6 15. Ned4 Nxd4 16. Nxd4 c5 17. Nf5 Bf8 18. d4 g6 19. Nh4 Rc8 20. dxc5 Rxc5 21. Qd3 Qe7 22. Rxc5 bxc5 23. Bxf6 Qxf6 24. Bxd5 Bxd5 25. Qxd5 Be7 26. Qc4 Qb2 27. a4 Bxh4 28. gxh4 Qf6 29. Rd5 Rb8 30. Rxc5 Rb4 31. Rc8+ Kg7 32. Qc3 Qxc3 33. Rxc3 Rxh4 34. Rc5 Rb4 35. Rb5 Rg4+ 36. Kh1 Kf6 37. Rxa5 Rb4 38. Rb5 Rxb5 39. axb5 Ke6 40. Kg2 Kd6 41. Kf3 Kc5 42. Ke4 f6 43. b6 Kxb6 44. Kd5 Kb5 45. Ke6 f5 46. Kf6 Kb4 47. Kg7 Kxb3 48. Kxh7 Kc3 49. Kxg6 1-0


[Site "https://www.chess.com"]

[Event "Titled Tuesday Blitz February 14 Early 2023"]
[White "Van Foreest, Jorden"]
[Black "Remizov, Yaroslav"]
[WhiteFideId "1039784"]
[BlackFideId "34134015"]
[WhiteElo "2689"]
[BlackElo "2421"]
[Result "1-0"]
[Round "05"]
[TimeControl "180+2"]
[Date "2023.02.15"]
[WhiteClock "0:00:28"]
[BlackClock "0:00:04"]

1. e4 c5 2. Nf3 e6 3. c3 Nf6 4. e5 Nd5 5. Bc4 d6 6. d4 dxe5 7. dxe5 Be7 8. O-O O-O 9. Qe2 Bd7 10. Rd1 Bc6 11. Bd3 Nd7 12. a3 Qc7 13. c4 N5b6 14. Bf4 Rfd8 15. Nc3 Nf8 16. Bg3 Rd7 17. h4 Rad8 18. h5 h6 19. b3 Nh7 20. Ne4 Nc8 21. Bf4 Bf8 22. Rd2 Ne7 23. Nd6 Nf5 24. Bxf5 exf5 25. Rad1 Bxf3 26. Qxf3 Ng5 27. Bxg5 hxg5 28. Nb5 Rxd2 29. Rxd2 Qe7 30. Rxd8 Qxd8 31. Qd5 Qxd5 32. cxd5 a6 33. Na7 b5 34. d6 c4 35. bxc4 bxc4 36. Kf1 c3 37. Ke2 c2 38. Kd2 f6 39. d7 c1=Q+ 40. Kxc1 Bxa3+ 41. Kc2 Be7 42. e6 Kf8 43. Nc6 f4 44. f3 f5 45. Nd4 Bf6 46. Nxf5 a5 47. Kb3 Bd8 48. Ka4 g4 49. fxg4 Bf6 50. Kxa5 Be7 51. Kb6 Bd8+ 52. Kb7 f3 53. gxf3 g6 54. hxg6 1-0


[Site "https://www.chess.com"]

[Event "Titled Tuesday Blitz February 14 Early 2023"]
[White "Sjugirov, Sanan"]
[Black "Maksimovic, Bojan"]
[WhiteFideId "4189302"]
[BlackFideId "14408120"]
[WhiteElo "2712"]
[BlackElo "2486"]
[Result "1-0"]
[Round "05"]
[TimeControl "180+2"]
[Date "2023.02.15"]
[WhiteClock "0:00:06"]
[BlackClock "0:00:01"]

1. d4 Nf6 2. c4 c5 3. d5 e5 4. Nc3 d6 5. e4 Be7 6. h3 O-O 7. Nf3 Nbd7 8. g4 Ne8 9. Bd3 g6 10. Bh6 Ng7 11. Qd2 Nf6 12. a4 Kh8 13. Qe2 Ng8 14. Be3 f5 15. gxf5 gxf5 16. exf5 Nxf5 17. O-O-O Bd7 18. Rhg1 Nd4 19. Bxd4 cxd4 20. Ne4 Bxa4 21. Nfg5 Bxg5+ 22. Nxg5 Bxd1 23. Qxd1 Qf6 24. Kb1 h6 25. Ne4 Qf3 26. Qd2 Qf4 27. Qe2 Rad8 28. Rg3 Qh4 29. Ka2 b6 30. Qf1 Nf6 31. Nxf6 Rxf6 32. Qg2 Rf7 33. Rg6 Rxf2 34. Qg1 Rdf8 35. Rg7 e4 36. Qg6 Rxb2+ 37. Kxb2 Qf2+ 38. Bc2 d3 39. Rh7# 1-0


[Site "https://www.chess.com"]

[Event "Titled Tuesday Blitz February 14 Early 2023"]
[White "Drygalov, Sergey"]
[Black "Murzin, Volodar"]
[WhiteFideId "24171743"]
[BlackFideId "44155573"]
[WhiteElo "2547"]
[BlackElo "2604"]
[Result "0-1"]
[Round "05"]
[TimeControl "180+2"]
[Date "2023.02.15"]
[WhiteClock "0:00:09"]
[BlackClock "0:00:18"]

1. d4 d5 2. c4 c6 3. Nf3 Nf6 4. Nc3 e6 5. e3 Nbd7 6. Qc2 b6 7. Bd3 Bb7 8. O-O dxc4 9. Bxc4 c5 10. Rd1 Bd6 11. dxc5 Bxc5 12. Ne5 Qc7 13. Nxd7 Nxd7 14. Nb5 Qc6 15. Bf1 O-O 16. Bd2 Ne5 17. b4 Nf3+ 18. Kh1 Nxh2 19. Nd4 Bxd4 20. Qxc6 Bxc6 21. exd4 Nxf1 22. Rxf1 Rfc8 23. Rfc1 Bd5 24. a4 Rc4 25. Rxc4 Bxc4 26. Rc1 Rc8 27. Kg1 Kf8 28. f3 Ke7 29. Bf4 Kd7 30. a5 b5 31. Kf2 a6 32. Re1 f6 33. Rh1 h6 34. Rc1 Kc6 35. Be3 Kd5 36. Rc2 Rc6 37. Rc1 Bd3 38. Rc5+ Rxc5 39. dxc5 g5 40. Bd2 e5 41. Ke3 Bf5 42. g4 Bd7 43. Kf2 Be8 44. Kg3 h5 45. Be1 h4+ 46. Kg2 Kc4 47. Kf2 Bc6 48. Ke3 h3 49. Kf2 h2 50. Kg2 Bxf3+ 51. Kxh2 Bxg4 52. Kg3 Bd7 53. Bd2 f5 54. Bxg5 Kxb4 55. Be7 Kxa5 56. Bd6 f4+ 57. Kf2 Bc6 58. Bxe5 f3 59. Ke3 Kb4 60. Bd4 Kc4 61. Bg7 Kxc5 62. Kf2 Kc4 63. Ba1 b4 64. Ke3 a5 65. Bb2 a4 66. Be5 a3 67. Kf2 b3 68. Ba1 b2 69. Bxb2 axb2 0-1


[Site "https://www.chess.com"]

[Event "Titled Tuesday Blitz February 14 Early 2023"]
[White "Seo, Jung Min"]
[Black "Chigaev, Maksim"]
[WhiteFideId "1734687"]
[BlackFideId "4108116"]
[WhiteElo "2494"]
[BlackElo "2628"]
[Result "1/2-1/2"]
[Round "05"]
[TimeControl "180+2"]
[Date "2023.02.15"]
[WhiteClock "0:01:44"]
[BlackClock "0:00:34"]

1. e4 c5 2. Nf3 e6 3. c3 d5 4. exd5 Qxd5 5. d4 Nf6 6. Na3 Qd8 7. Nc4 Nc6 8. Be3 Nd5 9. Bg5 Be7 10. Bxe7 Qxe7 11. Be2 O-O 12. O-O Rd8 13. Nce5 Nf4 14. Nxc6 bxc6 15. Bc4 cxd4 16. cxd4 c5 17. Qc1 Qf6 18. dxc5 Bb7 19. Qe3 Qf5 20. Nh4 Qf6 21. Nf3 Qf5 22. Nh4 Qf6 23. Nf3 1/2-1/2


[Site "https://www.chess.com"]

[Event "Titled Tuesday Blitz February 14 Early 2023"]
[White "Urazayev, Arystanbek"]
[Black "Ioannidis, Evgenios"]
[WhiteFideId "13709810"]
[BlackFideId "4229274"]
[WhiteElo "2460"]
[BlackElo "2467"]
[Result "0-1"]
[Round "05"]
[TimeControl "180+2"]
[Date "2023.02.15"]
[WhiteClock "0:01:30"]
[BlackClock "0:00:34"]

1. d4 Nf6 2. c4 e6 3. Nc3 Bb4 4. Qc2 d5 5. a3 Bxc3+ 6. Qxc3 O-O 7. Nf3 b6 8. Bg5 dxc4 9. Qxc4 Ba6 10. Qa4 h6 11. Bh4 c5 12. dxc5 bxc5 13. g4 Qb6 14. Bxf6 gxf6 15. O-O-O Nc6 16. Qf4 Rfb8 17. Rd2 Na5 18. Rc2 Nb3+ 19. Kb1 Rd8 20. Bg2 Kg7 21. h4 Nd4 22. Nxd4 Rxd4 23. Bxa8 Rxf4 24. e3 Rxg4 25. Bf3 Rg6 26. Bh5 Bd3 27. Bxg6 fxg6 28. Rd1 Qb3 29. Rd2 e5 30. Kc1 Bxc2 31. Rxc2 c4 32. Rc3 Qb5 0-1


[Site "https://www.chess.com"]

[Event "Titled Tuesday Blitz February 14 Early 2023"]
[White "Nihal Sarin"]
[Black "Ozen, Bahadir"]
[WhiteFideId "25092340"]
[BlackFideId "6337058"]
[WhiteElo "2673"]
[BlackElo "2369"]
[Result "1-0"]
[Round "05"]
[TimeControl "180+2"]
[Date "2023.02.15"]
[WhiteClock "0:00:06"]
[BlackClock "0:00:01"]

1. d4 d5 2. Nf3 Nf6 3. Bf4 c5 4. e3 Nc6 5. Nbd2 Qb6 6. dxc5 Qxb2 7. Rb1 Qc3 8. Bb5 g6 9. e4 a6 10. Bxc6+ bxc6 11. O-O Bg7 12. Be5 Qxc5 13. Nb3 Qa3 14. exd5 O-O 15. dxc6 Bg4 16. h3 Rfd8 17. Qe2 Bxf3 18. Qxf3 Rac8 19. c7 Re8 20. Rfd1 Qxa2 21. Qc6 Qa3 22. Nc5 Qa5 23. Rb8 Bf8 24. Bxf6 Rxb8 25. cxb8=Q Rxb8 26. Be5 Rb5 27. Nd7 Rxe5 28. Qc8 Re1+ 29. Kh2 1-0


[Site "https://www.chess.com"]

[Event "Titled Tuesday Blitz February 14 Early 2023"]
[White "Darini, Pouria"]
[Black "Andreikin, Dmitry"]
[WhiteFideId "12502200"]
[BlackFideId "4158814"]
[WhiteElo "2401"]
[BlackElo "2729"]
[Result "0-1"]
[Round "05"]
[TimeControl "180+2"]
[Date "2023.02.15"]
[WhiteClock "0:00:01"]
[BlackClock "0:00:25"]

1. d4 Nf6 2. Bf4 c5 3. e3 g6 4. Nf3 Bg7 5. c3 O-O 6. Be2 cxd4 7. cxd4 d6 8. Nc3 Nc6 9. O-O Nh5 10. Bg5 h6 11. Bh4 g5 12. Nd2 Nf4 13. exf4 gxh4 14. Nb3 a5 15. d5 a4 16. dxc6 axb3 17. cxb7 Bxb7 18. Qxb3 Bc6 19. Rfe1 Qa5 20. Qc2 Rfc8 21. Rac1 Qb4 22. Qf5 e6 23. Qh5 Qxb2 24. Nb5 Bxb5 25. Rxc8+ Rxc8 26. Qxb5 Qd2 27. Rd1 Qxf4 28. a4 Bd4 29. Rf1 Rc1 30. Rxc1 Bxf2+ 0-1


[Site "https://www.chess.com"]

[Event "Titled Tuesday Blitz February 14 Early 2023"]
[White "Sarana, Alexey"]
[Black "Mahdavi, Reza"]
[WhiteFideId "24133795"]
[BlackFideId "12595926"]
[WhiteElo "2685"]
[BlackElo "2339"]
[Result "1-0"]
[Round "05"]
[TimeControl "180+2"]
[Date "2023.02.15"]
[WhiteClock "0:01:33"]
[BlackClock "0:00:25"]

1. c4 e5 2. Nc3 Bb4 3. Nd5 Bc5 4. e3 Nf6 5. Nf3 Nxd5 6. cxd5 d6 7. d4 Bb4+ 8. Bd2 Bxd2+ 9. Nxd2 exd4 10. Qa4+ Nd7 11. Qxd4 O-O 12. Bd3 a5 13. O-O Nc5 14. Bc2 b6 15. Rac1 Re8 16. Nf3 Qe7 17. b3 Bd7 18. a3 f5 19. b4 axb4 20. axb4 Ne4 21. Bd3 Ra7 22. Rc2 Qf6 23. Bxe4 Rxe4 24. Qxf6 gxf6 25. Nd4 f4 26. Rc3 Kf8 27. Rfc1 Ke7 28. Rxc7 Rxc7 29. Rxc7 Kd8 30. Rc3 fxe3 31. fxe3 Re5 32. Ra3 Rxd5 33. Ra8+ Kc7 34. Kf2 Rg5 35. Rf8 Rg7 36. Rxf6 Rg8 37. Rf7 Ra8 38. Rxh7 Ra2+ 39. Kf3 Rb2 40. b5 Kd8 41. g4 Bxb5 42. Nxb5 Rxb5 43. h4 Rb1 44. h5 1-0


[Site "https://www.chess.com"]

[Event "Titled Tuesday Blitz February 14 Early 2023"]
[White "Alex_Sahakyan2006"]
[Black "Bluebaum, Matthias"]
[BlackFideId "24651516"]
[WhiteElo "2715"]
[BlackElo "2669"]
[Result "1/2-1/2"]
[Round "05"]
[TimeControl "180+2"]
[Date "2023.02.15"]
[WhiteClock "0:00:14"]
[BlackClock "0:00:27"]

1. d4 d5 2. c4 e6 3. Nf3 Nf6 4. Nc3 Bb4 5. e3 O-O 6. Bd2 b6 7. cxd5 exd5 8. Rc1 Be7 9. Bd3 c5 10. Ne5 Bb7 11. O-O Nc6 12. Nxc6 Bxc6 13. Qf3 Rc8 14. Bf5 Rc7 15. Rfd1 c4 16. Bb1 b5 17. Ne2 b4 18. g4 Re8 19. Ng3 Bf8 20. g5 Ne4 21. h4 g6 22. Qg4 Nxd2 23. Rxd2 Qd7 24. Qf3 Bd6 25. Kg2 Qe7 26. Rh1 Rf8 27. e4 dxe4 28. Bxe4 Bxg3 29. Bxc6 Qd6 30. fxg3 Rxc6 31. d5 Rc5 32. h5 c3 33. bxc3 bxc3 34. Rd3 c2 35. Rc1 Rd8 36. h6 Qe5 37. Qf6 Qxf6 38. gxf6 Kf8 39. Rd2 Rd6 40. Rdxc2 Rxc2+ 41. Rxc2 Rxf6 42. Rc8+ Ke7 43. Rc7+ Kd6 44. Rxa7 Kxd5 45. g4 g5 46. Ra5+ Ke4 47. Rxg5 Rxh6 48. Rh5 Ra6 49. Rxh7 Rxa2+ 50. Kg3 Ra3+ 51. Kh4 Rf3 52. Rh5 Rf1 53. Kg5 Ke5 54. Rh2 f6+ 55. Kg6 Kf4 56. Rg2 Kf3 57. Ra2 Kxg4 58. Ra4+ Kg3 59. Ra5 Kg4 60. Ra4+ Kg3 61. Ra5 Kh4 62. Rf5 Ra1 63. Kxf6 Ra6+ 64. Kg7 Kg4 65. Rf6 Ra7+ 66. Kg6 Ra8 67. Rf7 Rg8+ 68. Kf6 Rb8 69. Kg6 Rc8 70. Rf6 Rc7 71. Rf7 Rc6+ 72. Rf6 Rc5 73. Rf7 Rg5+ 74. Kf6 Rf5+ 75. Kg6 Rg5+ 76. Kf6 Ra5 77. Kg6 Ra6+ 78. Rf6 Ra8 79. Rf7 Rg8+ 80. Kf6 Ra8 81. Kg6 1/2-1/2


[Site "https://www.chess.com"]